 Dungeon Crawl Stone Soup version 0.31-a0-1005-gfbdfbac (webtiles) character file.

Game seed: 8517792467100988037

1180 Partyfoot the Magician (level 8, -5/67 HPs)
             Began as a Purple Draconian Conjurer on Nov 11, 2023.
             Was a Follower of Dithmenos.
             Slain by a yak (12 damage)
             ... on level 7 of the Dungeon.
             The game lasted 00:24:10 (6924 turns).

Partyfoot the Magician (Purple Draconian Conjurer)  Turns: 6924, Time: 00:24:11

Health: -5/67      AC: 12    Str:  9    XL:     8   Next: 18%
Magic:  2/16       EV: 17    Int: 20    God:    Dithmenos [*.....]
Gold:   171        SH:  0    Dex: 11    Spells: 8/18 levels left

rFire   . . .        a - +2 flail (venom)
rCold   . . .        (no shield)
rNeg    . . .        (body armour unavailable)
rPois   .            (helmet restricted)
rElec   .            v - +1 cloak
rCorr   .            (no gloves)
SInv    .            (no boots)
Will    +....        z - amulet of regeneration
Stlth   ++           l - +4 ring of protection
HPRegen 1.11/turn    f - +5 ring of evasion
MPRegen 0.15/turn

%: no passive effects
@: wreathed by umbra, studying Dodging
A: breathe power, AC +6, unfitting armour, cold-blooded
a: Breathe Dispelling Energy, Renounce Religion


You were on level 7 of the Dungeon.
You worshipped Dithmenos.
Dithmenos was aware of your devotion.
You visited 2 branches of the dungeon, and saw 8 of its levels.

You collected 360 gold pieces.
You spent 189 gold pieces at shops.

Inventory:

Hand Weapons
 a - a +2 flail of venom (weapon)
 q - a +0 flail
Armour
 v - a +1 cloak (worn)
Jewellery
 b - a ring of protection from fire
 f - a +5 ring of evasion (right hand)
 l - a +4 ring of protection (left hand)
 p - an amulet of faith
 r - an amulet of reflection
 z - an amulet of regeneration (around neck)
Scrolls
 d - a scroll of enchant weapon
 h - a scroll of teleportation
 o - a scroll of vulnerability
 t - a scroll of identify
 u - 3 scrolls of fog
Potions
 c - 2 potions of invisibility {unknown}
 e - 2 potions of enlightenment {unknown}
 g - 2 potions of lignification
 i - a potion of haste {unknown}
 j - a potion of attraction {unknown}
 k - a potion of ambrosia {unknown}
 m - a potion of heal wounds {unknown}
 n - 5 potions of curing


   Skills:
 - Level 4.6 Fighting
 + Level 3.1 Dodging
 - Level 1.7 Stealth
 + Level 5.8 Spellcasting
 - Level 4.6 Conjurations
 - Level 5.0 Translocations
 * Level 1.7 Air Magic
 * Level 1.8 Poison Magic
 + Level 2.3 Invocations


You had 8 spell levels left.
You knew the following spells:

 Your Spells              Type           Power      Damage    Failure   Level
a - Magic Dart            Conj           96%        1d7       1%          1
b - Gell's Gravitas       Tloc           25%        N/A       4%          3
c - Iskenderun's Mystic   Conj/Tloc      25%        2d7       14%         4
d - Poisonous Vapours     Pois/Air       24%        N/A       8%          2

Your spell library contained the following spells:

 Spells                   Type           Power      Damage    Failure   Level
 Lesser Beckoning         Tloc           50%        N/A       1%          2
 Searing Ray              Conj           48%        2d6       2%          2
 Teleport Other           Tloc           25%        N/A       4%          3
 Sting                    Tmut/Pois      36%        1d4       8%          1
 Dazzling Flash           Conj/Hex       30%        N/A       12%         3
 Volatile Blastmotes      Fire/Tloc      30%        2d12      12%         3
 Fulminant Prism          Conj/Hex       7%         3d6       38%         4
 Olgreb's Toxic Radiance  Pois           13%        N/A       45%         4


Dungeon Overview and Level Annotations

Branches:
Dungeon (7/15)             Temple (1/1) D:5

Altars:
Ashenzari
Cheibriados
Dithmenos
Elyvilon
Fedhas
Gozag
Kikubaaqudgha
Makhleb
Nemelex Xobeh
Ru
Sif Muna
Trog
Uskayaw
Wu Jian
Xom
Yredelemnul
The Shining One

Shops:
D:4 *(   D:5 :!


Innate Abilities, Weirdness & Mutations

You can breathe bolts of dispelling energy.
Your rich purple scales are hard. (AC +6)
You cannot fit into any form of body armour.
You are cold-blooded and may be slowed by cold attacks.


Message History

Aiming: Poisonous Vapours (safe; 11% risk of failure)
Press: ? - help, Dir - move target, f/p - yak
Aim: a yak (severely wounded, very poisoned, umbra) Poisonous vapours surround the yak!
The yak looks even sicker.
The yak gores you but does no damage. The yak gores you!
Casting: Poisonous Vapours (safe; 11% risk of failure)
Confirm with . or Enter, or press ? or * to list all spells.
Aiming: Poisonous Vapours (safe; 11% risk of failure)
Press: ? - help, Dir - move target, f - yak, p - yak
Aim: a yak Poisonous vapours surround the yak!
The yak is poisoned.
The yak gores you but does no damage. The yak barely misses you.
Casting: Poisonous Vapours (safe; 11% risk of failure)
Confirm with . or Enter, or press ? or * to list all spells.
You don't have enough magic to cast this spell.
You hit the yak.
The yak looks as sick as possible!
The yak is severely wounded.
The yak gores you but does no damage. x2
You hit the yak but do no damage.
Your tail-slap misses the yak.
The yak is moderately wounded.
You kill the yak!
Dithmenos accepts your kill. The yak closely misses you.
Your Dodging skill increases to level 3!
You hit the yak.
The yak looks as sick as possible!
The yak is moderately wounded.
The yak gores you!
The yak gores you. x2; The yak misses you.
You hit the yak but do no damage.
The yak is moderately wounded.
The yak gores you! The yak gores you but does no damage.
You hit the yak.
The yak looks as sick as possible!
The yak is heavily wounded.
The yak gores you but does no damage. The yak gores you. The yak gores you!
* * * LOW HITPOINT WARNING * * *
You barely miss the yak.
The yak is heavily wounded.
The yak looks more healthy.
The yak closely misses you. The yak gores you!
* * * LOW HITPOINT WARNING * * *
The yak gores you!
You die...

.,,#...#.....#******...,**,,*,***
..,#...#.....#######.##.**,,*,***
...#...#..........>.....,,,,,,,,,
...#....................,,,,*,,,,
.............Y......#,*,*,,,,,,,,
+###...####..###.##.#.#.*,*,*,*,*
.......# #..##.........*,*,*,*,*
.###.#.# #..###Y#......,,,,,,,,,
,* #.#.# #..# #@##.#...,,,,*,*,,
.###.#.# #..# #Y#*)#,#.*,*,,,,,,
.....†.####..###Y##.#.#.*,*,*,*,*
.###.#.......#.YY.......,,,,,,,,,
,**#.#.......###.##.#,***,*****,*
,,.....####.........#,**,,*****,*
,*##.#.# #..###.#..#,**,,,,,,,,,
,,.....# #..# #.#Y.#,**,,*******
,###.#.#**#..# #.#,.#,**,,****


You could see 5 yaks.

Vanquished Creatures
  A yak (D:7)
  An ice beast (D:6)
  An ogre (D:4)
  A centaur (D:5)
  A bullfrog (D:6)
  A scorpion (D:5)
  A howler monkey (D:7)
  A hound (D:7)
  An orc priest (D:3)
  A gnoll bouda (Temple)
  6 sleepcaps
  2 iguanas
  3 orc wizards
  7 gnolls
  6 adders
  A shadow imp (D:5)
  2 white imps
  2 ufetubi (D:6)
  A worm (D:5)
  3 dart slugs
  17 orcs
  7 bats
  5 endoplasms
  2 giant cockroaches
  4 goblins
  6 hobgoblins
  2 jackals (D:2)
  2 quokkas
  7 ball pythons
  2 frilled lizards
  4 kobolds
  2 rats (D:1)
103 creatures vanquished.

Notes
Turn   | Place    | Note
-------+----------+-------------------------------------------
     0 | D:1      | Partyfoot the Draconian Conjurer began the quest for the
                  | Orb.
     0 | D:1      | Reached XP level 1. HP: 14/14 MP: 3/3
   216 | D:1      | Found a faded altar of an unknown god.
   279 | D:1      | Reached skill level 1 in Fighting
   375 | D:1      | Reached XP level 2. HP: 21/23 MP: 0/5
   607 | D:1      | You fall into a shaft and drop 1 floor!
  1342 | D:2      | Reached XP level 3. HP: 29/29 MP: 0/7
  2289 | D:3      | Learned a level 3 spell: Gell's Gravitas
  2363 | D:3      | Found an ancient bone altar of Kikubaaqudgha.
  2669 | D:3      | Reached skill level 1 in Translocations
  2669 | D:3      | Reached XP level 4. HP: 27/37 MP: 2/8
  2832 | D:3      | Found a shadowy altar of Dithmenos.
  2945 | D:3      | Became a worshipper of Dithmenos the Shadowed
  3068 | D:4      | Reached XP level 5. HP: 44/44 MP: 6/9
  3158 | D:4      | Found Geusec's Assorted Antiques.
  3164 | D:4      | Bought a lumpy jade amulet for 150 gold pieces
  3346 | D:4      | Found Hioga's Weapon Emporium.
  3366 | D:4      | Found a sparkling altar of Nemelex Xobeh.
  3437 | D:4      | Found a bloodstained altar of Trog.
  3656 | D:4      | Noticed an ogre
  3667 | D:4      | Killed an ogre
  3668 | D:4      | Reached XP level 6. HP: 38/51 MP: 1/11
  3967 | D:5      | Entered Level 5 of the Dungeon
  4168 | D:5      | Found a staircase to the Ecumenical Temple.
  4269 | D:5      | Found Pirgh's Distillery.
  4292 | D:5      | Bought a potion of curing for 39 gold pieces
  4637 | Temple   | Entered the Ecumenical Temple
  4735 | Temple   | Your scales start taking on a rich purple colour.
  4735 | Temple   | Reached skill level 5 in Spellcasting
  4735 | Temple   | Reached XP level 7. HP: 15/59 MP: 9/14
  4914 | Temple   | Learned a level 4 spell: Iskenderun's Mystic Blast
  5637 | D:5      | Found Arghir's Book Shop.
  5884 | D:6      | Reached skill level 1 in Invocations
  6117 | D:6      | Found a broken altar of Ashenzari.
  6133 | D:6      | Found an ornate altar of the Wu Jian Council.
  6238 | D:6      | Reached * piety under Dithmenos
  6259 | D:6      | Reached skill level 5 in Translocations
  6359 | D:6      | Learned a level 2 spell: Poisonous Vapours
  6663 | D:7      | Identified a scroll of acquirement
  6663 | D:7      | Acquired a +5 ring of evasion
  6809 | D:7      | Reached XP level 8. HP: 67/67 MP: 11/16
  6854 | D:7      | Reached skill level 1 in Air Magic
  6854 | D:7      | Reached skill level 1 in Poison Magic
  6924 | D:7      | Slain by a yak

Illustrated notes

Levels and vault maps discovered:
D:1:      dpeg_arrival_tiny_k, layout_basic, dilly_ecumenical_altar_fadedgnrine
D:2:      layout_loops_ring, grunt_decor_clamped
D:3:      layout_rooms, mainiacjoe_overflow_alcove_2,
          nicolae_overflow_crystal_walls, minmay_misc_feat_square
D:4:      layout_cave_pools, nemelex_xobeh_ov_fountains_minmay,
          mainiacjoe_overflow_brackets, serial_shops, nicolae_shop_trees,
          nicolae_shop_peninsula
D:5:      layout_basic, minmay_temple_entry_statues_pillars,
          cheibrodos_sewer_entry_bend, serial_shops, shop,
          nicolae_shop_statue_plus
D:6:      layout_rooms, mainiacjoe_overflow_swirl
D:7:      layout_basic, zin_scriptorium
Temple:   jpeg_temple_clearing

Skill      XL: |  1  2  3  4  5  6  7  8 |
---------------+-------------------------+-----
Fighting       | 1 2 3 4 |  4.6
Spellcasting   | 3 5 |  5.8
Translocations | 1 3 4 5 |  5.0
Invocations    | 2 |  2.3
Dodging        | 2 3 |  3.1
Air Magic      | 1 |  1.7
Poison Magic   | 1 |  1.8
Stealth        | |  1.7
Conjurations   | |  4.6

Action                     |  1- 3 |  4- 6 |  7- 9 || total
---------------------------+-------+-------+-------++-------
  Melee: Short sword       |    24 |    10 |       ||    34
         Tailslap          |     3 |     8 |     4 ||    15
         Punch             |     1 |       |     1 ||     2
         Flail             |       |    37 |    33 ||    70
   Cast: Magic Dart        |    95 |   142 |   116 ||   353
         Gell's Gravitas   |       |     4 |     3 ||     7
         Poisonous Vapours |       |       |     6 ||     6
    Use: Potion            |       |     2 |       ||     2
         Scroll            |       |     1 |    10 ||    11
 Armour: Skin              |    18 |    95 |    54 ||   167
  Dodge: Dodged            |    22 |    79 |    29 ||   130
  Block: Other             |       |    21 |     4 ||    25
         Reflection        |       |     1 |       ||     1

Table legend: (Time is in decaauts)
 A = Elapsed time spent in this place.
 B = Non-inter-level travel time spent in this place.
 C = Inter-level travel time spent in this place.
 D = Time resting spent in this place.
 E = Time spent auto-exploring this place.
 F = Levels seen in this place.
 G = Mean time per level.
                   A        B        C        D        E       F      G
               +--------+--------+--------+--------+--------+-----+--------+
         Total |   6958 |   6693 |    265 |   1658 |   3962 |   8 |  869.8 |
       Dungeon |   6565 |   6300 |    265 |   1320 |   3962 |   7 |  937.9 |
        Temple |    392 |    392 |      0 |    338 |      0 |   1 |  392.0 |
               +--------+--------+--------+--------+--------+-----+--------+

Top non-repeatable levels by time:
     D:5: 1268 daAuts
     D:4: 1192 daAuts
     D:1: 1187 daAuts
     D:2: 969 daAuts
     D:3: 878 daAuts
     D:6: 793 daAuts
  Temple: 392 daAuts
     D:7: 275 daAuts
